 Dungeon Crawl Stone Soup version 0.22-a0-63-geddfa9b (webtiles) character file.

11079 KristoblXynda the Carver (level 11, -9/82 HPs)
             Began as a Green Draconian Fighter on Jan 10, 2018.
             Was a High Priest of Okawaru.
             Mangled by a death yak (25 damage)
             ... on level 9 of the Dungeon.
             The game lasted 00:21:36 (10261 turns).

KristoblXynda the Carver (Green Draconian Fighter) Turns: 10261, Time: 00:21:37

Health: -9/82      AC: 10    Str: 25    XL:     11   Next: 44%
Magic:  16/16      EV: 14    Int: 17    God:    Okawaru [*****.]
Gold:   205        SH: 12    Dex: 11    Spells: 10/10 levels left

rFire    + + .     SeeInvis .   F - +3 long sword
rCold    . . .     Gourm    .   b - +0 shield
rNeg     . . .     Faith    .   (armour unavailable)
rPois    +         Spirit   .   (helmet restricted)
rElec    .         Reflect  .   H - scarf {repulsion}
rCorr    .         Harm     .   (no gloves)
MR       +....                  g - +2 pair of boots {run}
Stlth    +.........             (no amulet)
HPRegen  0.23/turn              o - +3 ring of strength
MPRegen  0.15/turn              t - ring of Rarghabb {rF++ MR+ Str+3 Int+6}

@: about to teleport, short of breath, repel missiles, quick
A: breathe noxious fumes, unfitting armour, poison resistance, cold-blooded, AC
+7
a: Breathe Noxious Fumes, Heroism, Finesse, Renounce Religion


You were on level 9 of the Dungeon.
You worshipped Okawaru.
Okawaru was extremely pleased with you.
You were hungry.

You visited 2 branches of the dungeon, and saw 10 of its levels.

You collected 451 gold pieces.
You spent 246 gold pieces at shops.

Inventory:

Hand Weapons
 f - a +2 falchion of flaming
 F - a +3 long sword (weapon)
Missiles
 D - 2 throwing nets (quivered)
Armour
 b - a +0 shield (worn)
 g - a +2 pair of boots of running (worn)
 y - a +1 cloak
 H - a scarf of repulsion (worn)
Jewellery
 l - an uncursed ring of wizardry
 n - an uncursed ring of protection from magic
 o - a +3 ring of strength (left hand)
 r - an uncursed ring of resist corrosion
 t - the ring of Rarghabb (right hand) {rF++ MR+ Str+3 Int+6}
   (You found it on level 4 of the Dungeon)

   [ring of strength]

   It affects your strength (+3).
   It affects your intelligence (+6).
   It greatly protects you from fire.
   It affects your resistance to hostile enchantments.
Wands
 v - a wand of paralysis (2)
 x - a wand of iceblast (9)
Scrolls
 h - 2 scrolls of enchant armour
 i - a scroll of immolation
 w - 2 scrolls of remove curse
 C - 2 scrolls of identify
 E - a scroll of enchant weapon
Potions
 c - 2 potions of might
 e - 3 potions of cancellation
 j - a potion of invisibility
 k - 2 potions of ambrosia
 p - 4 potions of brilliance
 q - a potion of agility
 s - 2 potions of haste
 u - a potion of mutation
Books
 a - a book of Callings

   Spells                             Type                      Level
   a - Summon Small Mammal            Summoning                    1
   b - Call Imp                       Summoning                    2
   c - Call Canine Familiar           Summoning                    3
   d - Summon Guardian Golem          Hexes/Summoning              3
   e - Summon Lightning Spire         Summoning/Air                4
   f - Summon Ice Beast               Ice/Summoning                4
Comestibles
 d - 14 rations
 z - a chunk of flesh


   Skills:
 - Level 3.2 Fighting
 + Level 10.7 Long Blades
 - Level 7.0 Dodging
 + Level 9.8 Shields
 + Level 6.6 Invocations
 + Level 6.9 Evocations


You had 10 spell levels left.
You didn't know any spells.

Dungeon Overview and Level Annotations

Branches:
Dungeon (9/15)             Temple (1/1) D:6            Lair (0/6) D:9
    Orc: D:9-12

Altars:
Ashenzari
Cheibriados
Dithmenos
Elyvilon
Fedhas
Gozag
Hepliaklqana
Kikubaaqudgha
Makhleb
Nemelex Xobeh
Okawaru
Qazlal
Ru
Trog
Uskayaw
Vehumet
Wu Jian
Xom
Yredelemnul
Zin
The Shining One

Shops:
D:7 ?(:

Annotations:
D:6 1 runed door


Innate Abilities, Weirdness & Mutations

You can breathe blasts of noxious fumes.
Your lurid green scales are hard. (AC +7)
You cannot fit into any form of body armour.
Your system is resistant to poisons. (rPois)
You are cold-blooded and may be slowed by cold attacks.


Message History

You kill the killer bee!
Okawaru accepts your kill. The death yak gores you.
* * * LOW HITPOINT WARNING * * *
Unknown command.
Okay, then.
Okay, then.
Press: ? - help, Shift-Dir - straight line, f - yak
Aim: a yak You exhale a blast of noxious fumes.
The blast of choking fumes hits the death yak. x2
The death yak is lightly wounded.
The blast of choking fumes hits the yak.
The yak is lightly wounded.
You feel somewhat more hungry.
The killer bee stings you but does no damage.
The killer bee barely misses you. You block the death yak's attack.
The death yak is engulfed in noxious fumes.
The death yak appears confused.
The death yak gores you!!
You die...

.........#.#.#.##...##........#
#..........÷....##...##........#
#.######.#....##...##........# #
........##...##........#
#######..# ....#........# ###
#.# ....#......... ..# +#
.............# ..#
.##########.......#......# ..#
..y...#OY@YYY......####'##
..###########.OyYY#Y......## #Y#
.o......o.†..o..y#Y......YY###Y#
.....#########..Y.Y>.....Y.Y...#
#....# .............YY#####
#....#######..............Y#
#......................##..#
#............#.............#
#............###..#.#. .####


You could see 6 death yaks, 3 yaks, an ice beast, 2 ogres, 2 killer bees and an
orc.

Vanquished Creatures
  4 two-headed ogres
  A hydra (D:8)
  Pikel (D:4)
  An ugly thing (D:9)
  The ghost of kibaces the Digger, a novice DDEE (D:5)
  A troll (D:6)
  Grinder (D:6)
  Prince Ribbit (D:7)
  4 hippogriffs
  3 slime creatures (D:8)
  2 dream sheep (D:8)
  Sigmund (D:2)
  Eustachio (D:6)
  3 yaks
  2 water moccasins
  3 orc warriors
  2 slaves (D:4)
  3 phantoms
  A sky beast (D:6)
  A necrophage (D:6)
  3 ogres
  A centaur (D:6)
  4 big kobolds
  Blork the orc (D:6)
  5 bullfrogs
  2 gnoll sergeants
  A wyvern skeleton (D:6)
  5 killer bees
  3 crimson imps
  2 bullfrog skeletons
  4 hounds
  7 orc priests
  Crazy Yiuf (D:5)
  A centaur skeleton (D:6)
  3 orc wizards
  A jelly (D:9)
  Jessica (D:2)
  2 iguanas
  6 worker ants
  A hound zombie (D:5)
  A hound skeleton (D:4)
  11 gnolls
  11 adders
  A howler monkey skeleton (D:6)
  2 shadow imps
  An adder skeleton (D:4)
  An adder zombie (D:7)
  3 worms
  5 dart slugs
  4 leopard geckos
  27 orcs
  4 ball pythons
  7 bats
  4 giant cockroaches
  4 goblins
  5 hobgoblins
  9 jackals
  15 kobolds
  3 quokkas
  2 frilled lizards
  A leopard gecko skeleton (D:5)
  A quokka skeleton (D:6)
  9 rats
222 creatures vanquished.

Notes
Turn   | Place    | Note
-------+----------+-------------------------------------------
     0 | D:1      | KristoblXynda the Draconian Fighter began the quest for the Orb.
     0 | D:1      | Reached XP level 1. HP: 19/19 MP: 1/1
    16 | D:1      | Reached XP level 2. HP: 11/26 MP: 2/2
   373 | D:1      | Reached XP level 3. HP: 17/31 MP: 3/3
   756 | D:2      | Noticed Jessica
   802 | D:2      | Killed Jessica
   802 | D:2      | Reached skill level 3 in Long Blades
   802 | D:2      | Reached XP level 4. HP: 34/38 MP: 4/4
  1470 | D:2      | Found a bloodstained altar of Trog.
  1471 | D:2      | Found a burning altar of Makhleb.
  1652 | D:2      | Noticed Sigmund
  1697 | D:2      | Killed Sigmund
  1697 | D:2      | Reached skill level 4 in Long Blades
  1697 | D:2      | Reached XP level 5. HP: 20/45 MP: 5/5
  2005 | D:3      | Reached XP level 6. HP: 51/51 MP: 6/6
  2528 | D:3      | Found a stormy altar of Qazlal.
  2788 | D:4      | Got a twitching amber ring
  2879 | D:4      | Identified the ring of Rarghabb {rF++ MR+ Str+3 Int+6} (You found it on level 4 of the Dungeon)
  3844 | D:4      | Noticed a slave
  3846 | D:4      | Noticed Pikel
  3846 | D:4      | Noticed a slave
  4016 | D:4      | Killed a slave
  4174 | D:4      | Killed a slave
  4217 | D:4      | Reached skill level 5 in Long Blades
  4217 | D:4      | Reached skill level 5 in Shields
  4217 | D:4      | Your scales start taking on a lurid green colour.
  4217 | D:4      | Reached XP level 7. HP: 48/57 MP: 7/7
  4217 | D:4      | Gained mutation: Your system is resistant to poisons. (rPois) [Green Draconian growth]
  4331 | D:4      | Killed Pikel
  4331 | D:4      | Reached skill level 6 in Long Blades
  4331 | D:4      | Reached skill level 5 in Dodging
  4601 | D:4      | Found a glowing golden altar of the Shining One.
  4601 | D:4      | Found a white marble altar of Elyvilon.
  4602 | D:4      | Found a glowing silver altar of Zin.
  4673 | D:5      | Entered Level 5 of the Dungeon
  4673 | D:5      | Found a runed door.
  4673 | D:5      | Noticed Crazy Yiuf
  4678 | D:5      | Killed Crazy Yiuf
  4678 | D:5      | Reached XP level 8. HP: 63/63 MP: 8/8
  4764 | D:5      | Found a hide-covered altar of Uskayaw.
  5047 | D:5      | Noticed kibaces's ghost (novice DDEE)
  5062 | D:5      | Killed kibaces's ghost
  5062 | D:5      | Reached skill level 7 in Long Blades
  5335 | D:5      | Reached skill level 8 in Long Blades
  5601 | D:6      | Reached XP level 9. HP: 54/70 MP: 9/9
  5725 | D:6      | Noticed Grinder
  5745 | D:6      | Killed Grinder
  5745 | D:6      | Reached skill level 1 in Evocations
  5765 | D:6      | Noticed an angel
  5766 | D:6      | Found a glowing golden altar of the Shining One.
  5766 | D:6      | Found a runed door.
  5782 | D:6      | Found a staircase to the Ecumenical Temple.
  5791 | Temple   | Entered the Ecumenical Temple
  5908 | Temple   | Became a worshipper of Warmaster Okawaru
  5956 | D:6      | Noticed Eustachio
  5978 | D:6      | Killed Eustachio
  5990 | D:6      | Noticed a troll
  6007 | D:6      | Killed a troll
  6541 | D:6      | Reached * piety under Okawaru
  6592 | D:6      | Noticed Blork the orc
  6613 | D:6      | Killed Blork the orc
  7044 | D:7      | Reached skill level 9 in Long Blades
  7044 | D:7      | Reached skill level 1 in Invocations
  7083 | D:7      | Found Mock's Weapon Shoppe.
  7184 | D:7      | Bought a +3 long sword for 246 gold pieces
  7197 | D:7      | Found Tumaqim's Book Shop.
  7261 | D:7      | Found Nahivoes's Magic Scroll Emporium.
  7321 | D:7      | Reached ** piety under Okawaru
  7498 | D:7      | Noticed Prince Ribbit
  7531 | D:7      | Killed Prince Ribbit
  7531 | D:7      | Reached XP level 10. HP: 47/77 MP: 12/12
  8253 | D:8      | Noticed a two-headed ogre
  8292 | D:8      | Noticed a two-headed ogre
  8342 | D:8      | Reached *** piety under Okawaru
  8461 | D:8      | Noticed a three-headed hydra
  8467 | D:8      | Killed a one-headed hydra
  8467 | D:8      | Reached skill level 5 in Evocations
  8643 | D:8      | Reached **** piety under Okawaru
  8649 | D:8      | Reached skill level 10 in Long Blades
  8667 | D:8      | Killed a two-headed ogre
  8667 | D:8      | Reached skill level 5 in Invocations
  8674 | D:8      | Reached ***** piety under Okawaru
  8910 | D:8      | Reached XP level 11. HP: 82/82 MP: 15/15
  8967 | D:8      | Found a sparkling altar of Nemelex Xobeh.
  8967 | D:8      | Found an opulent altar of Gozag.
  9039 | D:8      | Killed a two-headed ogre
  9068 | D:8      | Noticed a two-headed ogre
  9099 | D:8      | Killed a two-headed ogre
  9550 | D:9      | Noticed a two-headed ogre
  9575 | D:9      | Killed a two-headed ogre
  9923 | D:9      | Noticed a red ugly thing
  9942 | D:9      | Killed a red ugly thing
  9942 | D:9      | Received a gift from Okawaru
  9951 | D:9      | Identified a +2 pair of boots of running (Okawaru gifted it to you on level 9 of the Dungeon)
 10161 | D:9      | Noticed a death yak
 10161 | D:9      | Noticed a death yak
 10162 | D:9      | Noticed a death yak
 10162 | D:9      | Noticed a death yak
 10163 | D:9      | Noticed a death yak
 10164 | D:9      | Noticed a death yak
 10164 | D:9      | Found a staircase to the Lair.
 10164 | D:9      | Noticed a death yak
 10261 | D:9      | Mangled by a death yak

Vault maps used:
D:1:      dpeg_arrival_orchard, minmay_split_cup_large
D:2:      gammafunk_temple_overflow_statue, serial_co_window_serial,
          co_window_paths_b, co_window_cross_1, co_window_paths_b,
          co_window_corner_a, co_window_paths_a, co_window_of_opportunity_a,
          co_window_of_opportunity_b, co_window_broadway_c,
          co_window_broadway_c, co_window_broadway_a, co_window_4corner_b,
          glass_columns_c, glass_columns_c, glass_columns_a, glass_columns_c,
          glass_columns_b, uniq_sigmund, uniq_jessica
D:3:      nicolae_qazlal_eye_of_the_storm, first_ration, grunt_decor_resistance
D:4:      good_gods_temple_1, uniq_pikel
D:5:      overflow_temple_1_default, uniq_crazy_yiuf_cottage
D:6:      minmay_temple_entry_large_hall, lemuel_angel_altar, uniq_grinder,
          uniq_blork_the_orc, uniq_eustachio
D:7:      serial_shops, shop, shop, shop, uniq_prince_ribbit1
D:8:      grunt_temple_overflow_opulence, hangedman_ranch
D:9:      led_sif_pool, dpeg_lair_monsters
Temple:   hc_temple_tempest_star

Skill      XL: |  1  2  3  4  5  6  7  8  9 10 11 |
---------------+----------------------------------+-----
Dodging        | 3 4 5 6 7 |  7.0
Long Blades    | 3 4 5 6 8 9 10 | 10.7
Shields        | 4 5 6 8 9 |  9.8
Evocations     | 3 6 |  6.9
Invocations    | 2 5 6 |  6.6
Fighting       | |  3.2

Action                   |  1- 3 |  4- 6 |  7- 9 | 10-12 || total
-------------------------+-------+-------+-------+-------++-------
Melee: Long sword        |    65 |   200 |   294 |   267 ||   826
       Tailslap          |     7 |    18 |    70 |    59 ||   154
       Falchion          |       |       |       |     3 ||     3
 Abil: Breathe Noxious F |       |       |    14 |    15 ||    29
Evoke: Wand              |       |       |     6 |     8 ||    14
  Use: Scroll            |       |     9 |     8 |     8 ||    25
       Potion            |       |     3 |       |     3 ||     6
 Stab: Sleeping          |       |     2 |       |       ||     2
       Confused          |       |       |     6 |     9 ||    15
       Paralysed         |       |       |     8 |    13 ||    21
       Distracted        |       |       |     1 |       ||     1
  Eat: Chunk             |       |     6 |     5 |     4 ||    15
       Ration            |       |     2 |     2 |     2 ||     6
Armor: Skin              |    11 |    51 |    54 |    39 ||   155
Dodge: Dodged            |    20 |    76 |   135 |   113 ||   344
Block: Shield            |    22 |   118 |   129 |   171 ||   440
       Rpst.: Long sword |     6 |    17 |    37 |    41 ||   101

Table legend:
 A = Spawn XP
 B = Non-spawn XP
 C = Spawn XP percentage of total XP
 D = Spawn monster count
 E = Non-spawn monster count
 F = Spawn count percentage of total count
 G = Total turns spent on level
                    A         B        C        D         E        F      G
               +---------+---------+-------+---------+---------+-------+---------
         Total |       0 |   15828 |   0.0 |       0 |     220 |   0.0 | 10261
               +---------+---------+-------+---------+---------+-------+---------
           D:1 |       0 |      45 |   0.0 |       0 |      22 |   0.0 |   505
           D:2 |       0 |     331 |   0.0 |       0 |      30 |   0.0 |  1430
           D:3 |       0 |      98 |   0.0 |       0 |      16 |   0.0 |   840
           D:4 |       0 |     950 |   0.0 |       0 |      12 |   0.0 |  1898
           D:5 |       0 |    1180 |   0.0 |       0 |      22 |   0.0 |   901
           D:6 |       0 |    1952 |   0.0 |       0 |      30 |   0.0 |  1275
           D:7 |       0 |    1221 |   0.0 |       0 |      21 |   0.0 |  1290
           D:8 |       0 |    7463 |   0.0 |       0 |      41 |   0.0 |  1236
           D:9 |       0 |    2588 |   0.0 |       0 |      26 |   0.0 |   753
               +---------+---------+-------+---------+---------+-------+---------
